 Dungeon Crawl Stone Soup version 0.29-a0-468-ge57f7f99b4 (webtiles) character file.

Game seed: 13723001567774696258

68 YayAnonymity the Shield-Bearer (level 4, -1/41 HPs)
             Began as a Gnoll Fighter on May 21, 2022.
             Was a Follower of Zin.
             Slain by Crazy Yiuf
             ... wielding a +4 quarterstaff of chaos
              (2 damage)
             ... on level 2 of the Dungeon.
             The game lasted 00:01:29 (2015 turns).

YayAnonymity the Shield-Bearer (Gnoll Fighter)      Turns: 2015, Time: 00:01:29

Health: -1/41      AC:  7    Str: 17    XL:     4   Next: 19%
Magic:  5/5        EV:  9    Int:  8    God:    Zin [*.....]
Gold:   131        SH:  5    Dex: 11    Spells: 5/5 levels left

rFire   . . .      SeeInvis .   a - +0 trident
rCold   . . .      Faith    .   c - +0 buckler
rNeg    . . .      Spirit   .   b - +0 scale mail
rPois   .          Reflect  .   (no helmet)
rElec   .          Harm     .   (no cloak)
rCorr   .          Rampage  .   (no gloves)
Will    .....                   (no boots)
Stlth   ..........              (no amulet)
HPRegen 0.13/turn               (no ring)
MPRegen 0.09/turn               (no ring)

@: lethally poisoned (-1 -> -9)
A: fangs 1, strong nose, distributed training
a: Renounce Religion, Recite, Donate Gold


You were on level 2 of the Dungeon.
You worshipped Zin.
Zin was aware of your devotion.
You visited 1 branch of the dungeon, and saw 2 of its levels.

You collected 145 gold pieces.
You donated 14 gold pieces to Zin.

Inventory:

Hand Weapons
 a - a +0 trident (weapon)
Missiles
 f - 6 poisoned darts (quivered)
Armour
 b - a +0 scale mail (worn)
 c - a +0 buckler (worn)
Jewellery
 j - a +4 ring of slaying
 k - a ring of willpower
Scrolls
 e - a scroll of blinking
 g - a scroll of immolation
 i - a scroll of identify
Potions
 d - a potion of might
 h - 2 potions of curing {unknown}
 l - a potion of lignification


   Skills:
 + Level 6.6 Fighting
 + Level 1.0 Short Blades
 + Level 1.0 Long Blades
 + Level 1.0 Axes
 + Level 1.0 Maces & Flails
 + Level 4.6 Polearms
 + Level 1.0 Staves
 + Level 1.0 Slings
 + Level 1.0 Bows
 + Level 1.0 Crossbows
 + Level 1.0 Throwing
 + Level 6.6 Armour
 + Level 1.0 Dodging
 + Level 1.0 Stealth
 + Level 6.6 Shields
 + Level 1.0 Unarmed Combat
 + Level 1.0 Spellcasting
 + Level 0.8 Conjurations
 + Level 0.8 Hexes
 + Level 0.8 Summonings
 + Level 0.8 Necromancy
 + Level 0.8 Translocations
 + Level 0.8 Transmutations
 + Level 0.8 Fire Magic
 + Level 0.8 Ice Magic
 + Level 0.8 Air Magic
 + Level 0.8 Earth Magic
 + Level 0.8 Poison Magic
 + Level 1.1 Invocations
 + Level 1.0 Evocations


You had 5 spell levels left.
You didn't know any spells.
Your spell library contained the following spells:

 Spells                   Type           Power      Damage    Failure   Level
 Call Canine Familiar     Summ           1%         N/A       97%         3
 Portal Projectile        Hex/Tloc       2%         N/A       97%         3
 Leda's Liquefaction      Hex/Erth       0%         N/A       100%        4


Dungeon Overview and Level Annotations

Branches:
Dungeon (2/15)

Altars:
Zin

Annotations:
D:2 Crazy Yiuf


Innate Abilities, Weirdness & Mutations

You have very sharp teeth.
Your uncanny sense of smell can sniff out nearby items.
Your experience applies equally to all skills.


Message History

You see here 11 stones.
There is an open door here.
You open the door.
There is an open door here.
A kobold comes into view. It is wielding a +0 whip.
The kobold shouts!
You reach to attack!
You puncture the kobold!
You kill the kobold!
No target in view!
You see here a +0 whip.
There is an open door here.
You see here 11 stones.
There is a stone staircase leading down here.
You open the door.
There is an open door here.
Crazy Yiuf shouts!
You open the door.
You reach to attack!
You hit Crazy Yiuf but do no damage. You hit Crazy Yiuf.
Your bite misses Crazy Yiuf.
Crazy Yiuf is lightly wounded.
Crazy Yiuf hits you with a +4 quarterstaff of chaos! x2
You barely miss Crazy Yiuf.
Crazy Yiuf twirls on the spot.
Crazy Yiuf hits you with a +4 quarterstaff of chaos.
Space warps around you.
You are too injured to fight recklessly!
You are too injured to fight recklessly!
You hit Crazy Yiuf.
Crazy Yiuf is moderately wounded.
Crazy Yiuf hits you with a +4 quarterstaff of chaos!
* * * LOW HITPOINT WARNING * * *
You are lethally poisoned!
You barely miss Crazy Yiuf. You bite Crazy Yiuf.
Crazy Yiuf is moderately wounded.
* * * LOW HITPOINT WARNING * * *
You feel very sick.
Crazy Yiuf hits you with a +4 quarterstaff of chaos.
* * * LOW HITPOINT WARNING * * *
Crazy Yiuf freezes you.
You die...

#.#......#
#..........#
.>#..##..#
########..^#
..#####..###
#...###
...........#
##### #...'>#
.#######.###
#..)# #...###
#### #.# #...#
#...# ...# #.#
... ##### ##.#
#.# #g# .#.#
#.# ♣♣@♣
.#.#####.###
♣.♣♣
.8.'.......#
♣♣.♣
####.......#
♣.♣♣
###.#......#
♣♣.♣♣
....#......#
♣...♣♣
..###......#
♣....♣ #### ..#
#......# #....#
#... ..#
#.)....###....#
#.##


You could see Crazy Yiuf.

Vanquished Creatures
  Jessica (D:2)
  2 adders (D:2)
  2 ball pythons (D:1)
  A giant cockroach (D:2)
  3 hobgoblins
  4 kobolds
  2 quokkas (D:1)
  3 bats
  6 rats
24 creatures vanquished.

Notes
Turn   | Place    | Note
-------+----------+-------------------------------------------
     0 | D:1      | YayAnonymity the Gnoll Fighter began the quest for the Orb.
     0 | D:1      | Reached XP level 1. HP: 23/23 MP: 1/1
   410 | D:1      | Reached XP level 2. HP: 29/29 MP: 2/2
  1168 | D:2      | Noticed Jessica
  1173 | D:2      | Killed Jessica
  1174 | D:2      | Reached skill level 1 in Invocations
  1174 | D:2      | Reached XP level 3. HP: 35/35 MP: 2/4
  1340 | D:2      | Found a glowing silver altar of Zin.
  1345 | D:2      | Reached skill level 1 in Short Blades
  1345 | D:2      | Reached skill level 1 in Long Blades
  1345 | D:2      | Reached skill level 1 in Axes
  1345 | D:2      | Reached skill level 1 in Maces & Flails
  1345 | D:2      | Reached skill level 1 in Staves
  1345 | D:2      | Reached skill level 1 in Slings
  1345 | D:2      | Reached skill level 1 in Bows
  1345 | D:2      | Reached skill level 1 in Crossbows
  1345 | D:2      | Reached skill level 1 in Throwing
  1345 | D:2      | Reached skill level 1 in Dodging
  1345 | D:2      | Reached skill level 1 in Stealth
  1345 | D:2      | Reached skill level 1 in Unarmed Combat
  1345 | D:2      | Reached skill level 1 in Spellcasting
  1345 | D:2      | Reached skill level 1 in Evocations
  1362 | D:2      | Reached XP level 4. HP: 41/41 MP: 5/5
  1365 | D:2      | Became a worshipper of Zin the Law-Giver
  1365 | D:2      | Reached * piety under Zin
  1451 | D:2      | Found a faded altar of an unknown god.
  1710 | D:2      | Found a runed translucent door.
  1711 | D:2      | Noticed Crazy Yiuf
  2015 | D:2      | HP: 1/41 [Crazy Yiuf/+4 quarterstaff of chaos (3)]
  2015 | D:2      | Slain by Crazy Yiuf

Illustrated notes

Levels and vault maps discovered:
D:1:      beargit_arrival_diablo_church, layout_basic, grunt_decor_mini_mirrors,
          corexii_corridor_pit
D:2:      layout_basic, basic_altar, shapermc_ecumenical_altar_ellora,
          uniq_crazy_yiuf_cottage, uniq_jessica

Skill      XL: |  1  2  3 |
---------------+----------+-----
Invocations    | 1 |  1.1
Short Blades   | 1 |  1.0
Long Blades    | 1 |  1.0
Axes           | 1 |  1.0
Maces & Flails | 1 |  1.0
Staves         | 1 |  1.0
Slings         | 1 |  1.0
Bows           | 1 |  1.0
Crossbows      | 1 |  1.0
Throwing       | 1 |  1.0
Dodging        | 1 |  1.0
Stealth        | 1 |  1.0
Unarmed Combat | 1 |  1.0
Spellcasting   | 1 |  1.0
Evocations     | 1 |  1.0
Fighting       | |  6.6
Polearms       | |  4.6
Armour         | |  6.6
Shields        | |  6.6
Conjurations   | |  0.8
Hexes          | |  0.8
Summonings     | |  0.8
Necromancy     | |  0.8
Translocations | |  0.8
Transmutations | |  0.8
Fire Magic     | |  0.8
Ice Magic      | |  0.8
Air Magic      | |  0.8
Earth Magic    | |  0.8
Poison Magic   | |  0.8

Action                   |  1- 3 |  4- 6 || total
-------------------------+-------+-------++-------
Melee: Trident           |    51 |    29 ||    80
       Bite              |     1 |     2 ||     3
  Use: Scroll            |     4 |       ||     4
Armor: Scale mail        |    16 |    13 ||    29
Dodge: Dodged            |    12 |     7 ||    19
Block: Buckler           |     7 |     3 ||    10

Table legend: (Time is in decaauts)
 A = Elapsed time spent in this place.
 B = Non-inter-level travel time spent in this place.
 C = Inter-level travel time spent in this place.
 D = Time resting spent in this place.
 E = Time spent auto-exploring this place.
 F = Levels seen in this place.
 G = Mean time per level.
                   A        B        C        D        E       F      G
               +--------+--------+--------+--------+--------+-----+--------+
         Total |   2023 |   1989 |     34 |      0 |   1792 |   2 | 1011.5 |
       Dungeon |   2023 |   1989 |     34 |      0 |   1792 |   2 | 1011.5 |
               +--------+--------+--------+--------+--------+-----+--------+

Top non-repeatable levels by time:
     D:1: 1106 daAuts
     D:2: 917 daAuts
